 Dungeon Sprint DCSS version 0.31-b1-19-g70c676f13a (webtiles) character file.

Game seed: 9420286496625347296

1200000 Groucho the Spry (level 13, -37/107 HPs)
             Began as a Djinni Warper on Jan 18, 2024.
             Was a Believer of Makhleb.
             Annihilated by a meat berserker
             ... wielding a +9 battleaxe
              (89 damage)
             ... in the Dungeon (Sprint VIII: "Arena of Blood").
             The game lasted 00:00:26 (12 turns).

Groucho the Spry (Djinni Warper)                      Turns: 12, Time: 00:00:27

Health: -37/107    AC:  3    Str: 10    XL:     13   Next: 64%
Gold:   0          EV: 21    Int: 19    God:    Makhleb [**....] SH:  0 Dex: 14

rFire   + + .        i - +∞ Axe of Woe
rCold   x . .        (shield currently unavailable)
rNeg    . . .        b - +0 leather armour
rPois   ∞            (no helmet)
rElec   .            (no cloak)
rCorr   .            (no gloves)
SInv    .            (boots unavailable)
Will    +....        (no amulet)
Stlth   +            (no ring)
HPRegen 0.37/turn    (no ring)
MPRegen 0.00/turn

%: no teleportation, infuse magic (-38 HP)
@: flying
A: sickness immunity, fire resistance 2, cold vulnerability 1, float, innate
caster, HP casting, extra vitality 1
a: Renounce Religion, Minor Destruction


You were in the Dungeon.
You worshipped Makhleb.
Makhleb was pleased with you.
You visited 1 branch

Inventory:

Hand Weapons
 a - a +0 hand axe
 i - the +∞ Axe of Woe (weapon)
   (You found it in the Dungeon)
Missiles
 d - 7 darts of dispersal (quivered)
Armour
 b - a +0 leather armour (worn)
Scrolls
 c - 2 scrolls of blinking
Potions
 e - a potion of curing
 f - a potion of heal wounds
 g - a potion of haste
 h - a potion of berserk rage


   Skills:
 - Level 15.0 Fighting
 * Level 17.9 Axes
 - Level 3.9 Throwing
 - Level 4.7 Armour
 + Level 20.6 Dodging
 + Level 10.6 Spellcasting
 + Level 10.6 Conjurations
 + Level 10.6 Hexes
 + Level 10.6 Summonings
 + Level 10.6 Necromancy
 + Level 10.6 Translocations
 + Level 10.6 Fire Magic
 + Level 10.6 Ice Magic
 + Level 10.6 Air Magic
 + Level 10.6 Earth Magic
 + Level 10.6 Alchemy


You knew the following spells:

 Your Spells              Type           Power      Damage    Failure   Level
a - Blink                 Tloc           100%       N/A       1%          2
b - Lesser Beckoning      Tloc           100%       N/A       1%          2
c - Teleport Other        Tloc           50%        N/A       1%          3
d - Manifold Assault      Tloc           50%        N/A       1%          4
e - Vhi's Electric Charg  Tloc/Air       100%       N/A       1%          4
f - Kiss of Death         Conj/Necr      100%       2d13      1%          1
g - Call Imp              Summ           100%       N/A       1%          2
h - Ozocubu's Armour      Ice            50%        N/A       1%          3
i - Ignite Poison         Fire/Alch      50%        N/A       1%          4
j - Animate Armour        Summ/Erth      100%       N/A       1%          4
k - Fireball              Conj/Fire      25%        3d11      3%          5
Your spell library was empty.

Dungeon Overview and Level Annotations

Branches:
Dungeon (1/1)

Altars:
Makhleb


Innate Abilities, Weirdness & Mutations

You are immune to sickness and miasma.
You are immune to poison.
Your flesh is very heat resistant. (rF++)
You are vulnerable to cold. (rC-)
You float through the air rather than walking.
You learn spells naturally, not from books.
Your magical power is your life essence.
You have superior vitality. (+4 MHP)


Message History

Unknown command.
The bag of meat shouts!
You slice the bag of meat!!
You hew the bag of meat violently.
You kill the bag of meat!
Makhleb accepts your kill.
The meat berserker appears out of thin air!
A meat berserker comes into view. It is wielding a +9 battleaxe.
A bag of meat comes into view. It is wielding a +9 war axe.
Your Axes skill increases to level 17!
Your Dodging skill increases to level 20!
Your Spellcasting skill increases to level 10!
Your Conjurations skill increases to level 10!
Your Hexes skill increases to level 10!
Your Summonings skill increases to level 10!
Your Necromancy skill increases to level 10!
Your Translocations skill increases to level 10!
Your Fire Magic skill increases to level 10!
Your Ice Magic skill increases to level 10!
Your Air Magic skill increases to level 10!
Your Earth Magic skill increases to level 10!
Your Alchemy skill increases to level 10!
Unknown command.
Unknown command.
Unknown command.
You slice the bag of meat!!
You cleave the bag of meat in twain.
You kill the bag of meat!
Makhleb accepts your kill.
You can now harness Makhleb's destructive might.
You slash the bag of meat!
You pulverise the bag of meat into a thin bloody mist.
You kill the bag of meat!
Makhleb accepts your kill.
You feel better.
The meat berserker rages.
A meat berserker comes into view. It is wielding a +9 battleaxe.
A bag of meat comes into view. It is wielding a +9 war axe.
The meat berserker hits you with a +9 battleaxe!
The meat berserker hits you with a +9 battleaxe!!!!
Ouch! That really hurt!
You die...

......###........
....O_......... .
#.....#...... ...
#_.<._#......
....#.....#......
......._.o.......
o.....###........
o###....Oo.###...
#....@).#
#...oOo.#
......o.o.O..
....O.....o...#
.......o.o..o#.
...........##..
.#........#O ..
.........#Oo


You could see 6 meat berserkers and 11 bags of meat.

Vanquished Creatures
  6 orcs (D)
6 creatures vanquished.

Notes
Turn   | Place    | Note
-------+----------+-------------------------------------------
     0 | D        | Found the +∞ Axe of Woe
     0 | D        | Groucho the Djinni Warper began the quest for the Orb.
     0 | D        | Groucho set off with the following spells memorised: Blink,
                  | Lesser Beckoning, Teleport Other, Manifold Assault, Vhi's
                  | Electric Charge.
     0 | D        | Reached XP level 1. HP: 18/18 MP: 0/0
     2 | D        | Noticed a bag of meat
     2 | D        | Noticed a bag of meat
     4 | D        | Became a worshipper of Makhleb the Destroyer
     4 | D        | Noticed a bag of meat
     4 | D        | Noticed a bag of meat
     6 | D        | Noticed a bag of meat
     6 | D        | Noticed a bag of meat
     7 | D        | Noticed a meat berserker
     7 | D        | Noticed a bag of meat
     7 | D        | Noticed a bag of meat
     7 | D        | Noticed a bag of meat
     7 | D        | Noticed a bag of meat
     8 | D        | Noticed a bag of meat
     8 | D        | Noticed a bag of meat
     8 | D        | Noticed a bag of meat
     8 | D        | Noticed a bag of meat
     8 | D        | Noticed a bag of meat
     9 | D        | Killed a bag of meat
     9 | D        | Noticed a meat berserker
     9 | D        | Noticed a bag of meat
     9 | D        | Noticed a bag of meat
     9 | D        | Noticed a bag of meat
    10 | D        | Reached skill level 15 in Fighting
    10 | D        | Reached skill level 15 in Dodging
    10 | D        | Reached XP level 2. HP: 15/43 MP: 0/0
    10 | D        | Reached XP level 3. HP: 17/49 MP: 0/0
    10 | D        | Learned a level 1 spell: Kiss of Death
    10 | D        | Reached XP level 4. HP: 19/55 MP: 0/0
    10 | D        | Reached XP level 5. HP: 21/60 MP: 0/0
    10 | D        | Learned a level 2 spell: Call Imp
    10 | D        | Reached XP level 6. HP: 23/67 MP: 0/0
    10 | D        | Reached XP level 7. HP: 25/72 MP: 0/0
    10 | D        | Learned a level 3 spell: Ozocubu's Armour
    10 | D        | Reached XP level 8. HP: 27/78 MP: 0/0
    10 | D        | Reached XP level 9. HP: 29/84 MP: 0/0
    10 | D        | Learned a level 4 spell: Ignite Poison
    10 | D        | Reached XP level 10. HP: 31/90 MP: 0/0
    10 | D        | Reached XP level 11. HP: 33/95 MP: 0/0
    10 | D        | Learned a level 4 spell: Animate Armour
    10 | D        | Killed a bag of meat
    10 | D        | Reached * piety under Makhleb
    10 | D        | Killed a bag of meat
    10 | D        | Noticed a meat berserker
    10 | D        | Noticed a meat berserker
    10 | D        | Noticed a bag of meat
    11 | D        | Reached skill level 19 in Dodging
    11 | D        | Reached XP level 12. HP: 36/102 MP: 0/0
    11 | D        | Reached XP level 13. HP: 38/107 MP: 0/0
    11 | D        | Learned a level 5 spell: Fireball
    11 | D        | Noticed a bag of meat
    11 | D        | Killed a bag of meat
    11 | D        | Noticed a bag of meat
    12 | D        | Reached skill level 20 in Dodging
    12 | D        | Reached skill level 10 in Spellcasting
    12 | D        | Reached skill level 10 in Conjurations
    12 | D        | Reached skill level 10 in Hexes
    12 | D        | Reached skill level 10 in Summonings
    12 | D        | Reached skill level 10 in Necromancy
    12 | D        | Reached skill level 10 in Translocations
    12 | D        | Reached skill level 10 in Fire Magic
    12 | D        | Reached skill level 10 in Ice Magic
    12 | D        | Reached skill level 10 in Air Magic
    12 | D        | Reached skill level 10 in Earth Magic
    12 | D        | Reached skill level 10 in Alchemy
    12 | D        | Noticed a meat berserker
    12 | D        | Killed a bag of meat
    12 | D        | Reached ** piety under Makhleb
    12 | D        | Killed a bag of meat
    12 | D        | Noticed a meat berserker
    12 | D        | Noticed a bag of meat
    12 | D        | Annihilated by a meat berserker

Illustrated notes

Levels and vault maps discovered:
D:        meatsprint

Skill      XL: |  1  2  3  4  5  6  7  8  9 10 11 12 13 |
---------------+----------------------------------------+-----
Fighting       | 15 | 15.0
Axes           | 12 16 17 | 17.9
Throwing       | 3 |  3.9
Armour         | 4 |  4.7
Dodging        | 15 19 20 | 20.6
Spellcasting   | 9 10 | 10.6
Conjurations   | 9 10 | 10.6
Hexes          | 9 10 | 10.6
Summonings     | 9 10 | 10.6
Necromancy     | 9 10 | 10.6
Translocations | 9 10 | 10.6
Fire Magic     | 9 10 | 10.6
Ice Magic      | 9 10 | 10.6
Air Magic      | 9 10 | 10.6
Earth Magic    | 9 10 | 10.6
Alchemy        | 9 10 | 10.6

Action                     |  1- 3 |  4- 6 |  7- 9 | 10-12 | 13-15 || total
---------------------------+-------+-------+-------+-------+-------++-------
  Melee: Executioner's axe |     1 |       |       |     1 |     2 ||     4
 Armour: Leather armour    |     1 |       |       |       |     2 ||     3
  Dodge: Dodged            |     1 |       |       |       |       ||     1
